 Dungeon Crawl Stone Soup version 0.19-a0-1167-g79b6552 (webtiles) character file.

99 JeffiDaFish the Firebug (level 4, -11/33 HPs)
             Began as a Draconian Fire Elementalist on Aug 14, 2016.
             Mangled by Crazy Yiuf
             ... wielding a +2 quarterstaff of chaos
              (20 damage)
             ... on level 2 of the Dungeon.
             The game lasted 00:10:47 (2764 turns).

JeffiDaFish the Firebug (DrFE)                      Turns: 2764, Time: 00:10:49

Health: -11/33     AC:  5    Str:  9 (10) XL:     4   Next: 45%
Magic:  1/8        EV: 12    Int: 15 (16) God:
Gold:   173        SH:  0    Dex: 11 (12) Spells: 2 memorised, 5 levels left

rFire  . . .     SeeInvis .     e - +0 short sword
rCold  . . .     Gourm    .     (armour unavailable)
rNeg   . . .     Faith    .     (no shield)
rPois  .         Spirit   .     (helmet restricted)
rElec  .         Dismiss  .     (no cloak)
rCorr  .         Reflect  .     (no gloves)
MR     .....     Harm     .     (no boots)
Stlth  ++........               (no amulet)
                                (no ring)
                                (no ring)

@: no status effects
A: unfitting armour, cold-blooded, AC +5
a: no special abilities


You were on level 2 of the Dungeon.
You were not hungry.

You visited 1 branch of the dungeon, and saw 2 of its levels.

You collected 173 gold pieces.

Inventory:

Hand Weapons
 e - a +0 short sword (weapon)
Armour
 d - a +2 robe of fire resistance
Scrolls
 h - a scroll of identify
 j - 2 scrolls of remove curse
Books
 a - a book of Flames

   Spells                             Type                      Level
   a - Flame Tongue                   Conjuration/Fire             1
   b - Throw Flame                    Conjuration/Fire             2
   c - Conjure Flame                  Conjuration/Fire             3
   d - Inner Flame                    Hexes/Fire                   3
   e - Sticky Flame                   Conjuration/Fire             4
   f - Fireball                       Conjuration/Fire             5
Comestibles
 b - 2 bread rations
 c - 4 fruits
 g - a meat ration


   Skills:
 * Level 0.8 Short Blades
 + Level 2.5 Dodging
 + Level 1.9 Stealth
 * Level 2.8 Spellcasting
 + Level 1.6 Conjurations
 + Level 3.7 Fire Magic


You had 5 spell levels left.
You knew the following spells:

 Your Spells              Type           Power        Failure   Level  Hunger
a - Flame Tongue          Conj/Fire      ##...        10%         1    #......
b - Throw Flame           Conj/Fire      ##....       12%         2    ##.....


Dungeon Overview and Level Annotations

Branches:
Dungeon (2/15)

Altars:

Annotations:
D:2 Crazy Yiuf


Innate Abilities, Weirdness & Mutations

Your plain brown scales are hard. (AC +5)
Your body does not fit into most forms of armour.
You are cold-blooded and may be slowed by cold attacks.


Message History

Casting: Flame Tongue
Confirm with . or Enter, or press ? or * to list all spells.
Aiming: Flame Tongue
Press: ? - help, Shift-Dir - straight line, f/p - Crazy Yiuf
Aim: Crazy Yiuf, wielding a quarterstaff of chaos and wearing a cloak (moderately wounded)
The flame tongue hits Crazy Yiuf.
Crazy Yiuf appears unharmed.
Crazy Yiuf is moderately wounded.
Crazy Yiuf hits you with a quarterstaff of chaos.
Casting: Flame Tongue
Confirm with . or Enter, or press ? or * to list all spells.
Aiming: Flame Tongue
Press: ? - help, Shift-Dir - straight line, f/p - Crazy Yiuf
Aim: Crazy Yiuf, wielding a quarterstaff of chaos and wearing a cloak (moderately wounded)
The flame tongue hits Crazy Yiuf.
Crazy Yiuf is moderately wounded.
Crazy Yiuf hits you with a quarterstaff of chaos.
* * * LOW HITPOINT WARNING * * *
You are electrocuted!
Ouch! That really hurt!
You die...

# #.......#.....#.## #...#.....
####.......#.....#..# #...#.....
.......)...'.....#..# #...#.....
####.################ #####.##..
.........# ####.##.. .........#
♣♣♣♣♣##........ ......#### ####
♣♣♣.♣...#.##.##.. ####.##..#
#...#♣..♣..P.......... .........#
#...g@♣♣♣♣PP........). ####.##..#
#)..#♣♣ ♣♣..#..#..... .........#
#### ♣♣##........ .....##.##
#.....#.. #######.## #.....#..
.........############ #.....#..
....###.##..........######.#..#..
...!# #...........#.#............
##### #.#...#...#####+####.......


You could see Crazy Yiuf.

Vanquished Creatures
  Natasha (D:2)
  A gnoll (D:2)
  An adder (D:2)
  An ooze (D:2)
  A dart slug (D:1)
  3 giant geckos
  2 giant cockroaches
  8 goblins
  7 hobgoblins
  3 jackals (D:2)
  4 bats
  A giant newt (D:2)
  5 kobolds
  5 rats
43 creatures vanquished.

Notes
Turn   | Place    | Note
-------+----------+-------------------------------------------
     0 | D:1      | JeffiDaFish the Draconian Fire Elementalist began the quest for the Orb.
     0 | D:1      | Reached XP level 1. HP: 14/14 MP: 3/3
   422 | D:1      | Reached XP level 2. HP: 20/20 MP: 0/5
   462 | D:1      | Learned a level 2 spell: Throw Flame
  1188 | D:2      | Reached XP level 3. HP: 19/26 MP: 3/6
  2073 | D:2      | Noticed Natasha
  2092 | D:2      | Killed Natasha
  2092 | D:2      | Reached XP level 4. HP: 9/33 MP: 2/8
  2751 | D:2      | Found a runed door.
  2755 | D:2      | Noticed Crazy Yiuf
  2764 | D:2      | Mangled by Crazy Yiuf

Vault maps used:
D:1:      lemuel_arrival_river_ford
D:2:      first_bread, uniq_crazy_yiuf_cottage, uniq_natasha

Skill      XL: |  1 |
---------------+----+-----
Dodging        | 2 |  2.5
Short Blades   | |  0.8
Stealth        | |  1.9
Spellcasting   | |  2.8
Conjurations   | |  1.6
Fire Magic     | |  3.7

Action                   |  1- 3 |  4- 6 || total
-------------------------+-------+-------++-------
Melee: Short sword       |    85 |    10 ||    95
       Unarmed           |     3 |       ||     3
       Tailslap          |     3 |       ||     3
 Cast: Flame Tongue      |    46 |    18 ||    64
       Throw Flame       |     4 |       ||     4
  Use: Scroll            |     5 |     2 ||     7
       Potion            |     5 |       ||     5
 Stab: Sleeping          |     1 |       ||     1
  Eat: Chunk             |     1 |     2 ||     3
       Bread ration      |     1 |     1 ||     2
Armor: Skin              |    16 |     1 ||    17
Dodge: Dodged            |    78 |     7 ||    85
